 Dungeon Crawl Stone Soup version 0.30.1-4-g462c640d31 (webtiles) character file.

Game seed: 14960293293864078705

37 hawla the Firebug (level 3, -3/26 HPs)
             Began as a Meteoran Fire Elementalist on Aug 9, 2023.
             Slain by an orc
             ... wielding a +0 mace
              (7 damage)
             ... on level 4 of the Dungeon on Aug 10, 2023.
             The game lasted 00:04:18 (533 turns).

hawla the Firebug (Meteoran Fire Elementalist)       Turns: 533, Time: 00:04:19

Health: -3/26      AC:  4    Str:  9    XL:     3   Next: 85%
Magic:  6/8        EV: 12    Int: 22    God:
Gold:   64         SH:  0    Dex: 15    Spells: 5/8 levels left

rFire   . . .        f - staff of death
rCold   . . .        (no shield)
rNeg    + . .        a - +0 robe
rPois   .            h - +1 helmet "Naiwiun" {Rampage Int+4 Slay+2}
rElec   .            (no cloak)
rCorr   .            (no gloves)
SInv    .            (no boots)
Will    .....        (no amulet)
Stlth   +            (no ring)
HPRegen 0.24/turn    (no ring)
MPRegen 0.11/turn

%: rampage
@: attractive, flying, glowing
A: sense surroundings 1, otherworldly, glowing, explore regen
a: no special abilities


You were on level 4 of the Dungeon.
You visited 1 branch of the dungeon, and saw 4 of its levels.

You collected 64 gold pieces.

Inventory:

Hand Weapons
 g - a +0 flail
Armour
 a - a +0 robe (worn)
 h - the +1 helmet "Naiwiun" (worn) {Rampage Int+4 Slay+2}
   (You found it on level 4 of the Dungeon)

   Int:       It affects your intelligence (+4).
   Slay:      It affects your accuracy & damage with ranged weapons and melee
   (+2).
   Rampage:   It bestows one free step when moving towards enemies.
Magical Staves
 f - a staff of death (weapon)
Potions
 b - a potion of magic


   Skills:
 - Level 0.3 Maces & Flails
 - Level 2.5 Dodging
 - Level 1.4 Stealth
 - Level 3.2 Spellcasting
 - Level 1.3 Conjurations
 + Level 0.9 Necromancy
 - Level 4.3 Fire Magic
 + Level 1.1 Evocations


You had 5 spell levels left.
You knew the following spells:

 Your Spells              Type           Power      Damage    Failure   Level
a - Foxfire               Conj/Fire      64%        2x1d7     3%          1
b - Scorch                Fire           44%        2d6       3%          2

Your spell library contained the following spells:

 Spells                   Type           Power      Damage    Failure   Level
 Inner Flame              Hex/Fire       13%        N/A       16%         3
 Volatile Blastmotes      Fire/Tloc      26%        2d12      16%         3
 Lesser Beckoning         Tloc           6%         N/A       19%         2
 Gell's Gravitas          Tloc           3%         N/A       36%         3
 Teleport Other           Tloc           3%         N/A       36%         3
 Flame Wave               Conj/Fire      16%        2d7       36%         4


Dungeon Overview and Level Annotations

Branches:
Dungeon (4/15) Zot: 1863   Temple (0/1) D:4

Altars:
Elyvilon


Innate Abilities, Weirdness & Mutations

You passively map a small area around you.
You are easily found by Zot.
You glow in the dark.
You regain HP and MP as you explore.


Message History

Casting: Foxfire (safe; 3% risk of failure)
Confirm with . or Enter, or press ? or * to list all spells.
You conjure some foxfire!
The scorpion stings you but does no damage.
The orc hits you with a +0 mace. The hound bites you.
The scorpion closely misses you.
Casting: Foxfire (safe; 3% risk of failure)
Confirm with . or Enter, or press ? or * to list all spells.
Flames lash the dart slug.
The dart slug is almost dead.
The dart slug's fire resistance burns away.
The foxfire hits the hound.
The hound is lightly wounded.
The foxfire hits the dart slug.
The dart slug is almost dead.
The hound bites you but does no damage. The orc hits you with a +0 mace.
The scorpion stings you.
* * * LOW HITPOINT WARNING * * *
The hound bites you.
* * * LOW HITPOINT WARNING * * *
It was a potion of flight.
You feel very buoyant.
You fly up into the air.
The orc hits you with a +0 mace.
* * * LOW HITPOINT WARNING * * *
The hound bites you but does no damage. The scorpion barely misses you.
The dart slug bites you.
* * * LOW HITPOINT WARNING * * *
A worm comes into view.
The worm is attracted toward you.
You aren't carrying any scrolls.
Unknown command.
Okay, then.
The hound bites you.
* * * LOW HITPOINT WARNING * * *
The hound barely misses you. The worm is attracted toward you.
The hound attacks as you move away! The hound barely misses you.
The iguana is attracted toward you.
You see here a +0 spear.
The orc attacks as you move away! The orc hits you with a +0 mace!
You die...

* #.# * , , #.# ,
#.## ,* , * #..#
* , ##.# * * * *
, #.# *, * #.# *,
* , * #.# , , *
#@# *
.#.#.####o###.###
......))lhw......
,
.##.####§s.....##
.......)w###.##
.#.####.## * # *
#§# * * * , *...
, , , * * ..# **
* ,


You could see a worm, a scorpion, an iguana, a hound, a dart slug (combustible)
and an orc.

Vanquished Creatures
  A dart slug (D:3)
  6 orcs
  2 ball pythons (D:4)
  3 bats (D:3)
  3 endoplasms
  2 hobgoblins (D:4)
  2 frilled lizards
  2 goblins
  5 kobolds
  3 rats
29 creatures vanquished.

Vanquished Creatures (others)
  40 foxfires
40 creatures vanquished.

Grand Total: 69 creatures vanquished

Notes
Turn   | Place    | Note
-------+----------+-------------------------------------------
     0 | D:1      | hawla the Meteoran Fire Elementalist began the quest for
                  | the Orb.
     0 | D:1      | Reached XP level 1. HP: 14/14 MP: 5/5
   109 | D:1      | Reached XP level 2. HP: 20/20 MP: 1/7
   109 | D:1      | Upgraded the game from 0.30.1-3-gfc49f6343a to
                  | 0.30.1-4-g462c640d31
   137 | D:2      | Learned a level 2 spell: Scorch
   144 | D:3      | Found a white marble altar of Elyvilon.
   211 | D:3      | Reached skill level 4 in Fire Magic
   347 | D:3      | Found a faded altar of an unknown god.
   379 | D:4      | Identified the +1 helmet "Naiwiun" {Rampage Int+4 Slay+2}
   393 | D:4      | Reached XP level 3. HP: 26/26 MP: 4/8
   517 | D:4      | Reached skill level 1 in Evocations
   520 | D:4      | Noticed a scorpion
   533 | D:4      | Slain by an orc

Illustrated notes

Levels and vault maps discovered:
D:1:      ebering_trefoil_3fold, layout_rooms
D:2:      layout_loops_cross, chequers_serial_rivers_small_b,
          corexii_hall_statues_i, chequers_serial_rivers_micro_b,
          amcnicky_mini_corridor_feature, minivault_25
D:3:      layout_basic, elyvilon_altar_1, serial_co_window_serial,
          co_window_paths_a, co_window_corner_a, co_window_cross_1,
          co_window_paths_a, co_window_corner_a, co_window_paths_b,
          co_window_paths_a, co_window_broadway_c, co_window_unsneaky_path_e,
          co_window_corner_b, co_window_corner_b, co_window_of_opportunity_b,
          co_window_paths_e, glass_columns_c, glass_columns_a, glass_columns_a,
          glass_columns_a, glass_columns_c, hellmonk_ecumenical_altar_lost_god
D:4:      layout_loops_ring, minitemple, lemuel_temple_firewalk_a,
          amcnicky_mini_rare_corridor_liquid

Skill      XL: |  1  2  3 |
---------------+----------+-----
Spellcasting   | 3 |  3.2
Fire Magic     | 4 |  4.3
Evocations     | 1 |  1.1
Maces & Flails | |  0.3
Dodging        | |  2.5
Stealth        | |  1.4
Conjurations   | |  1.3
Necromancy     | |  0.9

Action                     || total
---------------------------++-------
  Melee: Unarmed           ||     3
         Flail             ||     6
         Staff             ||    15
         Punch             ||     1
   Cast: Foxfire           ||    22
         Scorch            ||     7
    Use: Scroll            ||     3
         Potion            ||     3
 Armour: Robe              ||    16
  Dodge: Dodged            ||    26
